 Dungeon Crawl Stone Soup version 0.30.0-10-gfe55d96785 (webtiles) character file.

Game seed: 3636948095300352125

16438 croobank the Slicer (level 12, -11/97 HPs)
             Began as a Gnoll Monk on May 14, 2023.
             Was a High Priest of Cheibriados.
             Killed by an exploding yak (14 damage)
             ... ignited by their inner flame
             ... on level 2 of the Lair of Beasts on May 15, 2023.
             The game lasted 01:21:13 (12690 turns).

croobank the Slicer (Gnoll Monk)                   Turns: 12690, Time: 01:21:14

Health: -11/97     AC: 16    Str: 25    XL:     12   Next: 37%
Magic:  21/23      EV: 22    Int: 28    God:    Cheibriados [*****.]
Gold:   523        SH: 11    Dex: 29    Spells: 7/26 levels left

rFire   + + .        q - +3 short sword
rCold   x . .        n - +3 buckler
rNeg    . . .        U - +0 troll leather armour
rPois   .            f - +2 helmet
rElec   .            X - +0 cloak
rCorr   .            a - +2 pair of gloves
SInv    .            o - +2 pair of boots
Will    .....        R - amulet of magic regeneration
Stlth   ++++         Z - ring of fire
HPRegen 1.16/turn    z - ring of protection from fire
MPRegen 0.58/turn

%: no passive effects
@: studying 2 skills, very slow
A: fangs 1, strong nose, distributed training
a: Renounce Religion, Bend Time, Temporal Distortion, Slouch, Step From Time


You were on level 2 of the Lair of Beasts.
You worshipped Cheibriados.
Cheibriados was extremely pleased with you.
You visited 2 branches of the dungeon, and saw 14 of its levels.
You also visited: Ossuary.

You collected 885 gold pieces.
You spent 362 gold pieces at shops.

Inventory:

Hand Weapons
 j - a +1 dagger of freezing
 p - a +1 vampiric short sword
 q - a +3 short sword (weapon)
 w - a +0 war axe
 x - a +0 long sword
 H - a +0 morningstar
 M - a +0 rapier
 S - a +1 scimitar of electrocution
Missiles
 v - 16 poisoned darts
 I - 3 datura-tipped darts
 O - a curare-tipped dart (quivered)
 T - a throwing net
 W - 2 atropa-tipped darts
Armour
 a - a +2 pair of gloves (worn)
 d - an orb of light
 f - a +2 helmet (worn)
 n - a +3 buckler (worn)
 o - a +2 pair of boots (worn)
 s - the +2 scale mail of Hulyg {Str+5}
   (You found it on level 4 of the Dungeon)

   Str:       It affects your strength (+5).
 U - a +0 troll leather armour (worn)
 X - a +0 cloak (worn)
Jewellery
 c - a +6 ring of intelligence
 h - a ring of wizardry
 u - a ring of see invisible
 z - a ring of protection from fire (right hand)
 R - an amulet of magic regeneration (around neck)
 V - a ring of resist corrosion
 Z - a ring of fire (left hand)
Wands
 l - a wand of charming (13)
 m - a wand of iceblast (8)
 E - a wand of light (3)
Scrolls
 y - 4 scrolls of fog
 A - 8 scrolls of teleportation
 D - 2 scrolls of blinking
 F - 2 scrolls of immolation
 G - 2 scrolls of amnesia
 Y - 3 scrolls of enchant weapon
Potions
 e - a potion of cancellation
 g - 7 potions of curing
 i - a potion of invisibility
 r - 3 potions of attraction
 t - a potion of flight
 B - a potion of heal wounds
 C - 6 potions of mutation
 K - 2 potions of berserk rage
 L - 2 potions of magic
 N - 2 potions of lignification
 P - a potion of might
 Q - 3 potions of brilliance
Miscellaneous
 J - a lightning rod (4/4)


   Skills:
 + Level 10.0 Fighting
 + Level 10.6 Short Blades
 + Level 7.5 Long Blades
 + Level 10.0 Axes
 + Level 7.5 Maces & Flails
 + Level 7.5 Polearms
 + Level 7.5 Staves
 + Level 7.5 Ranged Weapons
 + Level 7.5 Throwing
 + Level 7.5 Armour
 + Level 10.0 Dodging
 + Level 7.5 Stealth
 + Level 7.5 Shields
 + Level 7.5 Unarmed Combat
 + Level 7.5 Spellcasting
 + Level 6.2 Conjurations
 + Level 6.2 Hexes
 + Level 6.2 Summonings
 + Level 6.2 Necromancy
 + Level 6.2 Translocations
 + Level 6.2 Transmutations
 + Level 8.9 Fire Magic
 + Level 6.2 Ice Magic
 + Level 6.2 Air Magic
 + Level 6.2 Earth Magic
 + Level 6.2 Poison Magic
 + Level 8.2 Invocations
 + Level 7.5 Evocations


You had 7 spell levels left.
You knew the following spells:

 Your Spells              Type           Power      Damage    Failure   Level
a - Beastly Appendage     Tmut           90%        N/A       1%          1
b - Wereblood             Tmut           45%        N/A       1%          2
c - Static Discharge      Conj/Air       90%        2-6/arc   1%          2
d - Summon Guardian Gole  Hex/Summ       45%        N/A       1%          3
e - Summon Lightning Spi  Summ/Air       45%        N/A       5%          4
f - Poisonous Vapours     Pois/Air       90%        N/A       1%          2
g - Freezing Cloud        Conj/Ice/Air   22%        6-21      14%         5

Your spell library contained the following spells:

 Spells                   Type           Power      Damage    Failure   Level
 Magic Dart               Conj           100%       1d8       1%          1
 Sandblast                Erth           90%        2d19      1%          1
 Summon Small Mammal      Summ           100%       N/A       1%          1
 Call Imp                 Summ           90%        N/A       1%          2
 Passwall                 Tmut/Erth      37%        N/A       1%          2
 Searing Ray              Conj           90%        2d7       1%          2
 Call Canine Familiar     Summ           45%        N/A       1%          3
 Frozen Ramparts          Ice            90%        1d14      1%          3
 Mephitic Cloud           Conj/Pois/Air  45%        N/A       1%          3
 Ozocubu's Armour         Ice            45%        N/A       1%          3
 Spider Form              Tmut/Pois      45%        N/A       1%          3
 Stone Arrow              Conj/Erth      90%        3d12      1%          3
 Airstrike                Air            22%        2d(4-20)  5%          4
 Fulminant Prism          Conj/Hex       22%        3d12      5%          4
 Ice Form                 Ice/Tmut       45%        N/A       5%          4
 Summon Ice Beast         Ice/Summ       45%        N/A       5%          4
 Alistair's Intoxication  Tmut/Pois      30%        N/A       14%         5
 Borgnjor's Vile Clutch   Necr/Erth      22%        N/A       14%         5
 Metabolic Englaciation   Hex/Ice        22%        N/A       14%         5
 Eringya's Noxious Bog    Tmut/Pois      22%        N/A       63%         6
 Simulacrum               Ice/Necr       22%        N/A       63%         6


Dungeon Overview and Level Annotations

Branches:
Dungeon (12/15)            Temple (0/1) D:6            Lair (2/5) D:8
    Orc (0/2) D:12        Ossuary (visited)
  Swamp: Lair:2-3    Shoals: Lair:2-3     Snake: Lair:2-3    Spider: Lair:2-3

Altars:
Cheibriados
Gozag
Hepliaklqana
Makhleb
Okawaru
Trog
Wu Jian
Xom
Yredelemnul
Zin

Annotations:
D:5 exclusion: downstairs
D:6 3 runed translucent doors, avangion's ghost, novice DECj; booth's ghost, novice DsRe; bungle's ghost, novice DjCj; qeuew's ghost, novice MiFi


Innate Abilities, Weirdness & Mutations

You have very sharp teeth.
Your uncanny sense of smell can sniff out nearby items.
Your experience applies equally to all skills.


Message History

The boulder beetle completely misses you.
The yak is engulfed in blazing flames.
Flame seeps out of the yak.
You block the yak's attack.
The yak is engulfed in blazing flames.
Flame seeps out of the yak.
The cane toad is engulfed in blazing flames.
Flame seeps out of the cane toad.
You block the cane toad's attack.
The cane toad is engulfed in blazing flames.
Cheibriados thoroughly appreciates the change of pace.
The cane toad explodes!
The fiery explosion engulfs the boulder beetle!!
Flame seeps out of the boulder beetle.
The boulder beetle is almost dead.
The fiery explosion engulfs the yak!!
Cheibriados thoroughly appreciates the change of pace.
The fiery explosion engulfs you! You resist.
The fiery explosion engulfs the yak!!!
Cheibriados appreciates the change of pace.
The yak explodes!
The fiery explosion engulfs the water moccasin!!
Cheibriados appreciates the change of pace.
The fiery explosion engulfs the boulder beetle!!!
Cheibriados thoroughly appreciates the change of pace.
The fiery explosion engulfs the cane toad!!!
Cheibriados thoroughly appreciates the change of pace.
The cane toad explodes!
The fiery explosion engulfs you! You resist.
* * * LOW HITPOINT WARNING * * *
The fiery explosion engulfs the yak!
Cheibriados thoroughly appreciates the change of pace.
The fiery explosion engulfs the iguana!!
Cheibriados thoroughly appreciates the change of pace.
The iguana explodes!
The yak explodes!
The fiery explosion engulfs you! You resist.
* * * LOW HITPOINT WARNING * * *
The boulder beetle explodes!
The fiery explosion engulfs you. You resist.
* * * LOW HITPOINT WARNING * * *
The water moccasin explodes!
The yak explodes!
The fiery explosion engulfs you! You resist.
You die...

... .....P... .....
.....P... ......#
......#.####.......
...................#####
..................#.#...
....................†...
.....§§§§§§.............
.....§§@○§§.............
.....§○○○§§.............
.....§§○§§.......#..#+#P
.....##§#§..............
.....#..................
.... #<....[#....P......
... #$.................
... #○☼†........>......
......................


There were no monsters in sight!

Vanquished Creatures
  A two-headed ogre (D:8)
  A boulder beetle (Lair:2)
  A cyclops (D:11)
  2 elephants (Lair:1)
  A black mamba (Lair:1)
  A gargoyle (D:12)
  2 cane toads (Lair:2)
  A komodo dragon (Lair:1)
  An unseen horror (D:11)
  A hornet (D:11)
  A troll (D:9)
  4 blink frogs (Lair:1)
  A wyvern (D:10)
  A shadow (D:7)
  5 yaks
  3 water moccasins
  An acid dragon (D:11)
  An orc warrior (D:9)
  2 black bears
  2 sky beasts (D:7)
  A centaur (D:11)
  A kobold brigand (D:5)
  6 bullfrogs
  2 scorpions
  3 wights (D:8)
  8 killer bees
  3 howler monkeys
  3 centaur zombies (Ossuary)
  A hound (D:7)
  3 orc priests
  2 sleepcaps
  2 iguanas
  5 orc wizards
  6 mummies (Ossuary)
  A gnoll (D:1)
  2 adders (D:4)
  An ufetubus (D:7)
  2 dart slugs
  12 orcs
  2 endoplasms
  3 giant cockroaches
  10 goblins
  5 hobgoblins
  5 jackals
  6 quokkas
  2 ball pythons
  7 bats
  2 frilled lizards
  3 hobgoblin zombies (Ossuary)
  A jackal zombie (D:6)
  14 kobolds
  3 rats
160 creatures vanquished.

Vanquished Creatures (collateral kills)
  A two-headed ogre (D:11)
  A boulder beetle (D:12)
  An ugly thing (D:12)
  A manticore (D:12)
  4 elephants (Lair:1)
  A cane toad (Lair:1)
  A komodo dragon (D:12)
  A troll (D:11)
  2 tengu conjurers (D:12)
  A blink frog (Lair:1)
  A slime creature (D:12)
  Sigmund (D:6)
  3 wraiths
  A wyvern (Lair:1)
  2 yaks (D:10)
  2 acid dragons
  A black bear (D:6)
  An orc warrior (D:9)
  A kobold brigand (D:6)
  4 wights
  6 killer bees
  A howler monkey (D:8)
  A lava snake (Lair:1)
  A hound (D:6)
  A jelly (D:5)
  An orc priest (D:12)
  A gnoll bouda (D:7)
  A sleepcap (D:6)
  An iguana (D:5)
  An orc wizard (D:12)
  5 gnolls (D:7)
  A white imp (D:8)
  9 orcs
61 creatures vanquished.

Vanquished Creatures (others)
  A manticore (D:12)
  A gargoyle (D:11)
  2 cane toads (Lair:1)
  3 slime creatures (D:12)
  2 yaks (Lair:2)
  A swamp drake (Lair:2)
  An orc warrior (D:12)
  2 wights (D:10)
13 creatures vanquished.

Grand Total: 234 creatures vanquished

Notes
Turn   | Place    | Note
-------+----------+-------------------------------------------
     0 | D:1      | croobank the Gnoll Monk began the quest for the Orb.
     0 | D:1      | Reached XP level 1. HP: 23/23 MP: 1/1
    69 | D:1      | Reached XP level 2. HP: 29/29 MP: 2/2
   449 | D:1      | Found Hewinuynge's Magic Scroll Shop.
   465 | D:1      | Bought a scroll of identify for 22 gold pieces
   465 | D:1      | Bought a scroll of noise for 11 gold pieces
   465 | D:1      | Bought a scroll of identify for 22 gold pieces
   508 | D:1      | Found a faded altar of an unknown god.
   518 | D:1      | Reached XP level 3. HP: 35/35 MP: 2/4
   527 | D:1      | Prayed at the altar of an unknown god.
   527 | D:1      | Became a worshipper of Cheibriados the Contemplative
   527 | D:1      | Reached * piety under Cheibriados
   527 | D:1      | Reached ** piety under Cheibriados
   751 | D:2      | Reached skill level 1 in Invocations
   919 | D:2      | Reached *** piety under Cheibriados
   926 | D:2      | Reached skill level 1 in Short Blades
  1211 | D:3      | Found an iron altar of Okawaru.
  1413 | D:3      | Reached skill level 1 in Long Blades
  1413 | D:3      | Reached skill level 1 in Maces & Flails
  1413 | D:3      | Reached skill level 1 in Polearms
  1413 | D:3      | Reached skill level 1 in Staves
  1413 | D:3      | Reached skill level 1 in Ranged Weapons
  1413 | D:3      | Reached skill level 1 in Throwing
  1413 | D:3      | Reached skill level 1 in Armour
  1413 | D:3      | Reached skill level 1 in Stealth
  1413 | D:3      | Reached skill level 1 in Shields
  1413 | D:3      | Reached skill level 1 in Unarmed Combat
  1413 | D:3      | Reached skill level 1 in Spellcasting
  1413 | D:3      | Reached skill level 1 in Evocations
  1744 | D:3      | Identified a scroll of acquirement
  1744 | D:3      | Acquired a manual of Fire Magic
  2179 | D:3      | Learned a level 1 spell: Beastly Appendage
  2182 | D:3      | Learned a level 2 spell: Wereblood
  2209 | D:4      | Identified the +2 scale mail of Hulyg {Str+5}
  2215 | D:4      | Noticed a water moccasin
  2225 | D:4      | Killed a water moccasin
  2226 | D:4      | Reached skill level 1 in Conjurations
  2226 | D:4      | Reached skill level 1 in Hexes
  2226 | D:4      | Reached skill level 1 in Summonings
  2226 | D:4      | Reached skill level 1 in Necromancy
  2226 | D:4      | Reached skill level 1 in Translocations
  2226 | D:4      | Reached skill level 1 in Transmutations
  2226 | D:4      | Reached skill level 1 in Fire Magic
  2226 | D:4      | Reached skill level 1 in Ice Magic
  2226 | D:4      | Reached skill level 1 in Air Magic
  2226 | D:4      | Reached skill level 1 in Earth Magic
  2226 | D:4      | Reached skill level 1 in Poison Magic
  2226 | D:4      | Reached XP level 4. HP: 13/41 MP: 1/6
  2226 | D:4      | Reached XP level 5. HP: 15/47 MP: 1/7
  2759 | D:4      | You fall into a shaft and drop 3 floors!
  2786 | D:6      | Reached **** piety under Cheibriados
  2787 | D:6      | Reached XP level 6. HP: 41/53 MP: 8/8
  2823 | D:6      | Found a sand-covered staircase.
  2830 | Ossuary  | Entered an ossuary
  2900 | Ossuary  | Learned a level 2 spell: Static Discharge
  2901 | Ossuary  | HP: 2/53 [mummy (8)]
  3136 | D:6      | Noticed Sigmund
  3141 | D:5      | Entered Level 5 of the Dungeon
  3197 | D:5      | Learned a level 4 spell: Summon Lightning Spire
  3214 | D:5      | Reached XP level 7. HP: 45/60 MP: 6/10
  4130 | D:1      | Bought a scroll of blinking for 82 gold pieces
  4130 | D:1      | Bought a scroll of summoning for 104 gold pieces
  4130 | D:1      | Bought a scroll of immolation for 44 gold pieces
  4130 | D:1      | Bought a scroll of teleportation for 33 gold pieces
  4130 | D:1      | Bought a scroll of amnesia for 44 gold pieces
  4584 | D:5      | Reached ***** piety under Cheibriados
  4796 | D:5      | Found an opulent altar of Gozag.
  5003 | D:6      | Reached XP level 8. HP: 27/67 MP: 5/12
  5151 | D:6      | Found a glowing silver altar of Zin.
  5403 | D:6      | Found a staircase to the Ecumenical Temple.
  5539 | D:6      | Killed Sigmund
  5596 | D:6      | Reached skill level 5 in Short Blades
  5697 | D:6      | Found a runed translucent gate.
  5697 | D:6      | Found a runed translucent gate.
  5698 | D:6      | Found a runed translucent gate.
  5699 | D:6      | Noticed qeuew's ghost (novice MiFi)
  5699 | D:6      | Noticed bungle's ghost (novice DjCj)
  5699 | D:6      | Noticed qeuew's ghost (novice MiFi)
  5700 | D:6      | Noticed booth's ghost (novice DsRe)
  5700 | D:6      | Noticed avangion's ghost (novice DECj)
  5801 | D:6      | Found a faded altar of an unknown god.
  5802 | D:6      | Found a hazy altar of Hepliaklqana.
  5924 | D:7      | Noticed a shadow
  5930 | D:7      | Killed a shadow
  6007 | D:7      | Reached XP level 9. HP: 70/73 MP: 14/14
  6373 | D:7      | Reached skill level 5 in Fire Magic
  6664 | D:8      | Found a burning altar of Makhleb.
  6813 | D:8      | Found a bloodstained altar of Trog.
  7798 | D:8      | Found a staircase to the Lair.
  8056 | D:8      | Noticed a two-headed ogre
  8067 | D:8      | Killed a two-headed ogre
  8068 | D:8      | Reached skill level 5 in Invocations
  8268 | D:9      | Reached skill level 5 in Long Blades
  8268 | D:9      | Reached skill level 5 in Maces & Flails
  8268 | D:9      | Reached skill level 5 in Polearms
  8268 | D:9      | Reached skill level 5 in Staves
  8268 | D:9      | Reached skill level 5 in Ranged Weapons
  8268 | D:9      | Reached skill level 5 in Throwing
  8268 | D:9      | Reached skill level 5 in Armour
  8268 | D:9      | Reached skill level 5 in Stealth
  8268 | D:9      | Reached skill level 5 in Shields
  8268 | D:9      | Reached skill level 5 in Unarmed Combat
  8268 | D:9      | Reached skill level 5 in Spellcasting
  8268 | D:9      | Reached skill level 5 in Evocations
  8268 | D:9      | Reached XP level 10. HP: 81/81 MP: 17/17
  8900 | D:9      | Learned a level 2 spell: Poisonous Vapours
  9035 | D:9      | Found a basalt altar of Yredelemnul.
  9040 | D:9      | Found an ornate altar of the Wu Jian Council.
  9045 | D:9      | Found a shimmering altar of Xom.
  9076 | D:10     | Entered Level 10 of the Dungeon
  9246 | D:10     | Learned a level 3 spell: Summon Guardian Golem
  9314 | D:10     | Learned a level 5 spell: Freezing Cloud
 10081 | D:11     | Noticed a two-headed ogre
 10089 | D:11     | Killed a two-headed ogre
 10124 | D:11     | Noticed an unseen horror
 10149 | D:11     | Noticed a cyclops
 10151 | D:11     | Killed an unseen horror
 10152 | D:11     | Reached skill level 5 in Conjurations
 10152 | D:11     | Reached skill level 5 in Hexes
 10152 | D:11     | Reached skill level 5 in Summonings
 10152 | D:11     | Reached skill level 5 in Necromancy
 10152 | D:11     | Reached skill level 5 in Translocations
 10152 | D:11     | Reached skill level 5 in Transmutations
 10152 | D:11     | Reached skill level 5 in Ice Magic
 10152 | D:11     | Reached skill level 5 in Air Magic
 10152 | D:11     | Reached skill level 5 in Earth Magic
 10152 | D:11     | Reached skill level 5 in Poison Magic
 10152 | D:11     | Reached XP level 11. HP: 89/89 MP: 18/20
 10156 | D:11     | Killed a cyclops
 10749 | D:12     | Noticed a red ugly thing
 10754 | D:12     | Killed a red ugly thing
 11007 | D:12     | Noticed a boulder beetle
 11159 | D:12     | Killed a boulder beetle
 11202 | D:12     | Noticed a manticore
 11207 | D:12     | Killed a manticore
 11337 | D:12     | Noticed a manticore
 11343 | D:12     | Killed a manticore
 11416 | D:12     | Found a staircase to the Orcish Mines.
 11778 | Lair:1   | Entered Level 1 of the Lair of Beasts
 12060 | Lair:1   | Reached skill level 10 in Short Blades
 12065 | Lair:1   | Reached XP level 12. HP: 95/97 MP: 10/22
 12371 | Lair:1   | Reached skill level 10 in Fighting
 12371 | Lair:1   | Reached skill level 10 in Axes
 12371 | Lair:1   | Reached skill level 10 in Dodging
 12672 | Lair:2   | Noticed a boulder beetle
 12690 | Lair:2   | Killed a boulder beetle
 12690 | Lair:2   | HP: 3/97 [spore (5)]
 12690 | Lair:2   | Killed by an exploding yak... ignited by their inner flame

Illustrated notes

Levels and vault maps discovered:
D:1:      saegor_arrival_simple_b, layout_loops_ring, serial_shops, shop_statue,
          hellmonk_ecumenical_altar_run_dry, grunt_decor_mini_mirrors
D:2:      layout_basic
D:3:      layout_loops_ring, mainiacjoe_overflow_concentric_impassable,
          serial_bayou, serial_bayou_pond_b, serial_bayou_lagoon_b,
          serial_bayou_pond_d, serial_bayou_crossing, grunt_decor_one_mirror,
          mrwooster_statue_mirror, kennysheep_generic_room_16
D:4:      layout_basic, nicolae_concentric_dashed_squares_mild,
          minmay_misc_feat_room, kennysheep_doodads, grunt_ministairs_2
D:5:      layout_rooms, lemuel_coloured_pillars_altar, nicolae_nh_ransacked_shop
D:6:      layout_cave_pools, mainiacjoe_overflow_surrounded_room,
          beargit_hepliaklqana_dungeon_heroes, minmay_temple_entry_nine_rooms,
          enter_ossuary_3, gammafunk_ghost_cemetery, uniq_sigmund
D:7:      layout_rooms
D:8:      layout_layer_cave, bloody_makhleb, trog_three_pillars_becter,
          dpeg_oklobed_lair
D:9:      layout_cave_pools, minmay_overflow_temple_star_quad
D:10:     layout_irregular_city
D:11:     layout_loops_cross
D:12:     layout_loops_ring, minmay_orc_entry_temple_small
Lair:1:   layout_gridlike, infiniplex_staircase_pool_2, grunt_megastairs_4
Lair:2:   dragon1_lemuel, layout_regular_city, minmay_swamp_entry_reptiles,
          uniq_gastronok

Skill      XL: |  1  2  3  4  5  6  7  8  9 10 11 12 |
---------------+-------------------------------------+-----
Invocations    | 1 2 3 4 5 6 7 8 |  8.2
Short Blades   | 2 3 4 5 7 8 10 | 10.6
Long Blades    | 1 2 3 5 6 7 |  7.5
Maces & Flails | 1 2 3 5 6 7 |  7.5
Polearms       | 1 2 3 5 6 7 |  7.5
Staves         | 1 2 3 5 6 7 |  7.5
Ranged Weapons | 1 2 3 5 6 7 |  7.5
Throwing       | 1 2 3 5 6 7 |  7.5
Armour         | 1 2 3 5 6 7 |  7.5
Stealth        | 1 2 3 5 6 7 |  7.5
Shields        | 1 2 3 5 6 7 |  7.5
Unarmed Combat | 1 2 3 5 6 7 |  7.5
Spellcasting   | 1 2 3 5 6 7 |  7.5
Evocations     | 1 2 3 5 6 7 |  7.5
Conjurations   | 1 2 3 4 5 6 |  6.2
Hexes          | 1 2 3 4 5 6 |  6.2
Summonings     | 1 2 3 4 5 6 |  6.2
Necromancy     | 1 2 3 4 5 6 |  6.2
Translocations | 1 2 3 4 5 6 |  6.2
Transmutations | 1 2 3 4 5 6 |  6.2
Fire Magic     | 1 2 3 4 5 7 8 |  8.9
Ice Magic      | 1 2 3 4 5 6 |  6.2
Air Magic      | 1 2 3 4 5 6 |  6.2
Earth Magic    | 1 2 3 4 5 6 |  6.2
Poison Magic   | 1 2 3 4 5 6 |  6.2
Fighting       | 7 8 9 10 | 10.0
Axes           | 7 8 9 10 | 10.0
Dodging        | 7 8 9 10 | 10.0

Action                     |  1- 3 |  4- 6 |  7- 9 | 10-12 || total
---------------------------+-------+-------+-------+-------++-------
  Melee: Hand axe          |   116 |    79 |     9 |       ||   204
         Bite              |    12 |    15 |    32 |    31 ||    90
         Kick              |     3 |     1 |     4 |     2 ||    10
         Headbutt          |     1 |       |     3 |     1 ||     5
         Short sword       |       |       |   157 |   138 ||   295
  Throw: Dart              |     1 |     1 |     1 |       ||     3
   Cast: Wereblood         |     1 |     1 |     2 |     3 ||     7
         Beastly Appendage |     1 |     1 |     1 |     2 ||     5
         Static Discharge  |       |     2 |    13 |     9 ||    24
         Summon Lightning  |       |     1 |    25 |    47 ||    73
         Summon Guardian G |       |       |       |    26 ||    26
         Poisonous Vapours |       |       |       |    16 ||    16
         Freezing Cloud    |       |       |       |     8 ||     8
 Invoke: Bend Time         |       |       |     1 |       ||     1
         Slouch            |       |       |     1 |     3 ||     4
    Use: Scroll            |    13 |     6 |     7 |    15 ||    41
         Potion            |       |     4 |     2 |     3 ||     9
   Stab: Distracted        |       |     1 |     3 |       ||     4
         Sleeping          |       |       |     2 |     3 ||     5
 Armour: Robe              |    18 |    28 |    46 |     3 ||    95
         Troll leather arm |       |       |       |    40 ||    40
  Dodge: Dodged            |   109 |   129 |   199 |   226 ||   663
  Block: Buckler           |       |       |       |    37 ||    37
